 Dungeon Crawl Stone Soup version 0.25-a0-292-gaa31f046c4 (webtiles) character file.

Game seed: 3767376665898616824, levelgen mode: deterministic

10518 Sloany the Cleaver (level 11, -3/67 HPs)
             Began as a Gargoyle Fighter on Dec 15, 2019.
             Slain by Harold
             ... wielding a +0 dire flail
              (13 damage)
             ... on level 1 of the Lair of Beasts on Dec 16, 2019.
             The game lasted 00:54:09 (11105 turns).

Sloany the Cleaver (Gargoyle Fighter)              Turns: 11105, Time: 00:54:09

Health: -3/67      AC:  0    Str: 23    XL:     11   Next: 63%
Magic:  11/11      EV:  9    Int:  9    God:
Gold:   500        SH:  0    Dex: 14    Spells: 10/10 levels left

rFire    . . .     SeeInvis .   (weapon currently unavailable)
rCold    . . .     Gourm    .   (shield currently unavailable)
rNeg     + . .     Faith    .   (armour currently unavailable)
rPois    ∞         Spirit   .   (helmet currently unavailable)
rElec    .         Reflect  +   (cloak currently unavailable)
rCorr    .         Harm     .   (gloves currently unavailable)
MR       .....                  (boots currently unavailable)
Stlth    +.........             C - +3 amulet of reflection
HPRegen  0.21/turn              (ring currently unavailable)
MPRegen  0.12/turn              (ring currently unavailable)

@: bat-form, flying, held, very quick
A: tiny, negative energy resistance 1, petrification resistance, rot immunity,
AC +8
a: no special abilities


You were on level 1 of the Lair of Beasts.
You were not hungry.
You were in bat-form.
You visited 2 branches of the dungeon, and saw 14 of its levels.
You also visited: Ossuary.

You collected 704 gold pieces.
You spent 204 gold pieces at shops.

Inventory:

Hand Weapons
 a - a +2 hand axe of electrocution (melded)
 b - a +1 hand axe of flaming
Armour
 l - a +1 helmet (melded)
 q - +0 steam dragon scales
 t - a +0 scale mail (melded)
 x - a +0 cloak (melded)
 D - a +0 large shield (melded)
Jewellery
 c - an uncursed ring of flight {unknown}
 w - a ring of positive energy (melded)
 C - a +3 amulet of reflection (around neck)
 G - an uncursed amulet of guardian spirit {unknown}
Wands
 i - a wand of flame (19)
 u - a wand of iceblast (12)
 y - a wand of digging (4)
 z - a wand of random effects (30)
 J - a wand of polymorph (8)
Scrolls
 n - 3 scrolls of teleportation
 o - 5 scrolls of remove curse
 p - a scroll of immolation
 s - 5 scrolls of identify
 A - 3 scrolls of enchant armour
 B - 2 scrolls of blinking {unknown}
 F - 4 scrolls of enchant weapon
 H - a scroll of amnesia
 I - a scroll of torment {unknown}
Potions
 d - a potion of haste
 e - 3 potions of lignification
 g - 2 potions of mutation
 h - a potion of magic
 j - a potion of flight
 k - 2 potions of brilliance
 m - 3 potions of cancellation
 r - 2 potions of curing
 v - a potion of ambrosia
 E - a potion of agility {unknown}
 K - a potion of heal wounds
Comestibles
 f - 11 rations


   Skills:
 + Level 7.4 Fighting
 * Level 12.3(12.9) Axes
   Level 7.0(11.1) Maces & Flails
 + Level 6.9 Armour
 - Level 0.5 Stealth
 + Level 6.2 Shields


You had 10 spell levels left.
You didn't know any spells.
Your spell library contained the following spells:

 Spells                   Type           Power        Failure   Level  Hunger
 Beastly Appendage        Tmut           #.....       38%         1    ##.....
 Magic Dart               Conj           #...         38%         1    ##.....
 Blink                    Tloc           N/A          52%         2    ###....
 Call Imp                 Summ           #.......     52%         2    ###....
 Slow                     Hex            #.......     52%         2    ###....
 Sticks to Snakes         Tmut           #.......     52%         2    ###....
 Conjure Flame            Conj/Fire      #.......     77%         3    ####...
 Mephitic Cloud           Conj/Pois/Air  #.......     77%         3    ####...
 Spider Form              Tmut/Pois      #.........   77%         3    ####...
 Ice Form                 Ice/Tmut       #.......     99%         4    #####..
 Blade Hands              Tmut           #.........   100%        5    ######.


Dungeon Overview and Level Annotations

Branches:
Dungeon (13/15)            Temple (0/1) D:7            Lair (1/6) D:10
    Orc (0/2) D:9         Ossuary (visited)
 Vaults: D:13-14

Altars:
Ashenzari
Dithmenos
Elyvilon
Fedhas
Hepliaklqana
Kikubaaqudgha
Makhleb
Nemelex Xobeh
Okawaru
Qazlal
Ru
Sif Muna
Yredelemnul
Zin

Shops:
D:8 (   D:9 =   D:13 :::[

Annotations:
D:3 1 runed translucent door, worrywart's ghost, amateur OgFE
Lair:1 Harold


Innate Abilities, Weirdness & Mutations

You are resistant to torment.
((Your stone body is resilient. (AC +8)))
You are immune to poison.
You resist negative energy. (rN+)
((You are resistant to electric shocks. (rElec)))
((You can survive without breathing.))
You are immune to petrification.
You are immune to rotting.


Message History

You are held in a net!
Harold zaps a wand.
You turn into a bat.
Your +2 hand axe of electrocution melds into your body.
Your +0 cloak melds into your body.
Your +1 helmet melds into your body.
Your +0 large shield melds into your body.
Your +0 scale mail melds into your body.
Your ring of positive energy melds into your body.
Your +2 hand axe of electrocution stops crackling.
Harold hits you with a +0 dire flail!!
Harold zaps a wand.
Harold zaps a wand.
You easily resist.
Harold hits you with a +0 dire flail!
Harold zaps a wand.
You easily resist.
Harold hits you with a +0 dire flail!
* * * LOW HITPOINT WARNING * * *
Harold hits you with a +0 dire flail!
* * * LOW HITPOINT WARNING * * *
Harold zaps a wand.
You easily resist.
Harold hits you with a +0 dire flail!
You die...

#.##.#......#####.....#..
....##....#.....#.....+..
....##....#.....#........
..........P.....#........
....##....+.....#.....+
###.##....#.....#.....#
##P.##....#...........#..
..........#######......#
................b........
................@........
.........................
.........................
..##.....................
........##...###.##..####
...#....##### ### ..#
...#.....# ..# ...#....#


You could see Harold.

Vanquished Creatures
  2 hydras
  A two-headed ogre (D:9)
  An efreet (D:12)
  A queen bee (D:8)
  Grinder (D:4)
  A hornet (D:9)
  2 hippogriffs
  Sigmund (D:2)
  A shadow (D:13)
  A wraith (D:11)
  6 yaks
  2 wyverns
  A steam dragon (D:10)
  3 wargs (D:10)
  Duvessa (D:6)
  A soldier ant (shapeshifter) (D:13)
  A water moccasin (D:11)
  An orc warrior (D:9)
  An eye of draining (D:11)
  A phantom (D:10)
  4 ice beasts
  5 ogres
  2 crocodiles (Lair:1)
  4 elf zombies (Ossuary)
  A big kobold (D:10)
  5 bullfrogs
  Dowan (D:6)
  A water moccasin skeleton (D:10)
  18 killer bees
  3 wights (D:7)
  2 howler monkeys (D:9)
  5 crimson imps
  3 centaur zombies
  4 hounds
  4 centaur skeletons
  4 orc priests
  2 bullfrog skeletons
  3 orc wizards
  Terence (D:3)
  2 iguanas
  7 worker ants
  A killer bee zombie (D:5)
  A hound zombie (D:7)
  2 hound skeletons (D:5)
  2 mummies (Ossuary)
  Robin (D:2)
  A worker ant zombie (D:10)
  11 adders
  3 shadow imps
  An ooze (D:1)
  A worm zombie (D:6)
  An adder zombie (D:9)
  An adder skeleton (D:6)
  4 worms
  2 dart slugs
  2 leopard geckos
  20 orcs
  3 ball pythons
  4 giant cockroaches
  12 goblins
  11 hobgoblins
  13 jackals
  2 quokkas
  4 bats
  5 frilled lizards
  12 hobgoblin zombies (Ossuary)
  A jackal skeleton (D:8)
  4 jackal zombies (Ossuary)
  17 kobolds
  8 kobold zombies
  A leopard gecko zombie (D:5)
  6 orc zombies (Ossuary)
  2 quokka skeletons
  A quokka zombie (D:5)
  8 rats
  2 rat zombies (Ossuary)
281 creatures vanquished.

Vanquished Creatures (others)
  5 plants (D:9)
  A withered plant (D:3)
6 creatures vanquished.

Grand Total: 287 creatures vanquished

Notes
Turn   | Place    | Note
-------+----------+-------------------------------------------
     0 | D:1      | Sloany the Gargoyle Fighter began the quest for the Orb.
     0 | D:1      | Reached XP level 1. HP: 14/14 MP: 1/1
   223 | D:1      | Reached XP level 2. HP: 19/19 MP: 2/2
   737 | D:2      | Reached XP level 3. HP: 19/23 MP: 3/3
   873 | D:2      | Found a faded altar of an unknown god.
  1058 | D:2      | Noticed Robin
  1102 | D:2      | Reached XP level 4. HP: 19/29 MP: 4/4
  1109 | D:2      | Killed Robin
  1344 | D:2      | Found a shadowy altar of Dithmenos.
  1405 | D:2      | Found a basalt altar of Yredelemnul.
  2029 | D:3      | Reached XP level 5. HP: 33/33 MP: 5/5
  2119 | D:3      | Noticed Sigmund
  2167 | D:2      | Killed Sigmund
  2167 | D:2      | Reached skill level 5 in Maces & Flails
  2167 | D:2      | Reached XP level 6. HP: 12/38 MP: 6/6
  2396 | D:3      | Noticed Terence
  2407 | D:3      | Killed Terence
  2628 | D:3      | Found a runed translucent door.
  2628 | D:3      | Noticed worrywart's ghost (amateur OgFE)
  2995 | D:4      | Found a burning altar of Makhleb.
  2998 | D:4      | Found a glowing silver altar of Zin.
  2998 | D:4      | Noticed an angel
  2998 | D:4      | Noticed a cacodemon
  3060 | D:4      | Reached XP level 7. HP: 18/44 MP: 7/7
  3269 | D:4      | Noticed Grinder
  3276 | D:4      | Paralysed by Grinder for 6 turns
  3320 | D:4      | Killed Grinder
  3320 | D:4      | Reached skill level 5 in Fighting
  3926 | D:4      | Reached skill level 1 in Axes
  4255 | D:5      | Entered Level 5 of the Dungeon
  4345 | D:5      | Reached skill level 2 in Axes
  4415 | D:5      | Reached skill level 3 in Axes
  4415 | D:5      | Reached XP level 8. HP: 41/49 MP: 8/8
  4551 | D:5      | Found a white marble altar of Elyvilon.
  4589 | D:5      | Found a sacrificial altar of Ru.
  4661 | D:5      | Found a shimmering blue altar of Sif Muna.
  5156 | D:6      | Found a sand-covered staircase.
  5156 | D:6      | Noticed Dowan
  5157 | D:6      | Noticed Duvessa
  5163 | D:6      | Reached skill level 4 in Axes
  5174 | D:6      | Killed Dowan
  5174 | D:6      | Killed Duvessa
  5206 | Ossuary  | Entered an ossuary
  5248 | Ossuary  | Reached skill level 5 in Axes
  5350 | Ossuary  | Reached skill level 6 in Axes
  5478 | D:6      | Reached XP level 9. HP: 44/54 MP: 9/9
  5578 | D:6      | Reached skill level 7 in Axes
  5579 | D:6      | Found a sparkling altar of Nemelex Xobeh.
  5728 | D:6      | Found a burning altar of Makhleb.
  5854 | D:6      | Found a hazy altar of Hepliaklqana.
  5870 | D:6      | Found a shattered altar of Ashenzari.
  6167 | D:7      | Found a staircase to the Ecumenical Temple.
  6352 | D:7      | Found an iron altar of Okawaru.
  6362 | D:7      | Found a sparkling altar of Nemelex Xobeh.
  6387 | D:7      | Found an ancient bone altar of Kikubaaqudgha.
  6489 | D:7      | Reached skill level 8 in Axes
  6908 | D:8      | Noticed a queen bee
  6928 | D:8      | Killed a queen bee
  6928 | D:8      | Reached skill level 9 in Axes
  7224 | D:8      | Reached skill level 10 in Axes
  7234 | D:8      | Reached XP level 10. HP: 23/59 MP: 10/10
  7766 | D:8      | Found Rihili's Weapon Shop.
  8070 | D:9      | Found a blossoming altar of Fedhas.
  8097 | D:9      | Found Nejoxt's Jewellery Shop.
  8104 | D:9      | Bought a +3 amulet of reflection for 204 gold pieces
  8408 | D:9      | Noticed a two-headed ogre
  8417 | D:9      | Killed a two-headed ogre
  8417 | D:9      | Reached skill level 11 in Axes
  8488 | D:9      | Found a stormy altar of Qazlal.
  8502 | D:9      | Found a staircase to the Orcish Mines.
  8946 | D:10     | Entered Level 10 of the Dungeon
  9014 | D:10     | Reached skill level 5 in Armour
  9065 | D:10     | Found a staircase to the Lair.
  9534 | D:10     | Noticed a six-headed hydra
  9547 | D:10     | Killed a one-headed hydra
  9547 | D:10     | Reached skill level 5 in Shields
  9547 | D:10     | Reached XP level 11. HP: 43/66 MP: 11/11
  9977 | D:11     | Upgraded the game from 0.25-a0-290-g4a1327ee3a to
                  | 0.25-a0-292-gaa31f046c4
  9982 | D:11     | You fall into a shaft and drop 2 floors!
 10002 | D:13     | Reached skill level 12 in Axes
 10082 | D:13     | Found Olimunov's Book Shop.
 10086 | D:13     | Found Seppacosm's Book Shop.
 10091 | D:13     | Found Educir's Antique Armour Shop.
 10092 | D:13     | Found Jetiatz's Book Shop.
 10541 | D:11     | Noticed a cyclops
 10668 | Lair:1   | Entered Level 1 of the Lair of Beasts
 10750 | Lair:1   | Noticed a four-headed hydra
 10761 | Lair:1   | Killed a one-headed hydra
 11089 | Lair:1   | Noticed Harold
 11105 | Lair:1   | Slain by Harold

Levels and vault maps discovered:
D:1:      tarquinn_simple_flora_water_a, layout_loops_cross,
          wad_floor_pattern_untrapped, minmay_pentomino_t4
D:2:      layout_basic, yredelemnul_altar_generic,
          nicolae_dithmenos_through_a_glass_darkly,
          chequers_ecumenical_altar_grove, first_ration, uniq_robin
D:3:      layout_basic, gammafunk_ghost_grave, uniq_terence, uniq_sigmund
D:4:      layout_rooms, grunt_temple_overflow_order_and_chaos_2,
          chequers_serial_rivers_large_b, uniq_grinder
D:5:      cheibrodos_quashed, layout_rooms, lemuel_doored_altar,
          elyvilon_altar_4, nicolae_ru_great_annihilating_truth,
          serial_corexii_hall, corexii_hall_statues_t, chequers_hall_statues_y,
          kennysheep_dice
D:6:      layout_gridville, evilmike_ruin_ashenzari,
          nemelex_xobeh_ov_fountains_minmay, lemuel_round_altar,
          enter_ossuary_3, makhleb_heckhound_becter, uniq_duvessa
D:7:      layout_loops_ring, kiku_gazebo_pond_becter, okawaru_ov_weapons_minmay,
          minmay_temple_entry_grid, basic_altar
D:8:      layout_basic, david_nohive_1, kennysheep_windowed_goal
D:9:      layout_roguey, fedhas_altar_decomposition, orc_0_dummy, serial_shops,
          nicolae_shop_window_shopping, kennysheep_small_spiral,
          nicolae_qazlal_style_of_elements
D:10:     layout_rooms, erik_lair_orcish_takeover
D:11:     layout_rooms, uniq_maurice, uniq_fannar
D:12:     layout_roguey, gammafunk_ghost_icy, bh_walls_and_bars
D:13:     layout_big_octagon, serial_shops, kennysheep_mini,
          minmay_shop_grid_forest, minmay_between, uniq_erolcha
Lair:1:   layout_regular_city, uniq_harold

Skill      XL: |  1  2  3  4  5  6  7  8  9 10 11 |
---------------+----------------------------------+-----
Maces & Flails | 3 4 5 6 7 |  7.0
Fighting       | 4 5 6 7 |  7.4
Armour         | 4 5 6 |  6.9
Axes           | 3 6 10 11 12 | 12.3
Shields        | 5 6 |  6.2
Stealth        | |  0.5

Action                   |  1- 3 |  4- 6 |  7- 9 | 10-12 || total
-------------------------+-------+-------+-------+-------++-------
Melee: Flail             |   190 |   178 |    43 |       ||   411
       Hand axe          |       |       |   416 |   287 ||   703
  Use: Scroll            |       |       |    13 |     5 ||    18
       Potion            |       |       |     2 |     5 ||     7
  Eat: Chunk             |       |     4 |     3 |     4 ||    11
       Ration            |       |     1 |     4 |     2 ||     7
Armor: Scale mail        |   155 |    72 |   227 |   124 ||   578
Dodge: Dodged            |    83 |    48 |   116 |    46 ||   293
Block: Shield            |   158 |    86 |   191 |    74 ||   509
       Large shield      |       |       |       |   119 ||   119
       Reflection        |       |       |       |     3 ||     3

Table legend:
 A = Non-vault XP
 B = Vault XP
 C = Vault XP percentage of total XP
 D = Non-vault monster count
 E = Vault monster count
 F = Vault count percentage of total count
                 A         B        C        D         E       F
            +---------+---------+-------+---------+---------+-------
      Total |   11418 |    3608 |  24.0 |     189 |      92 |  32.7
            +---------+---------+-------+---------+---------+-------
        D:1 |      25 |       5 |  16.7 |      15 |       2 |  11.8
        D:2 |      65 |     266 |  80.4 |      29 |      12 |  29.3
        D:3 |      94 |      36 |  27.7 |      22 |       1 |   4.3
        D:4 |     317 |     290 |  47.8 |       9 |       1 |  10.0
        D:5 |     263 |      84 |  24.2 |      12 |       5 |  29.4
        D:6 |     308 |     273 |  47.0 |      11 |       5 |  31.2
        D:7 |     656 |       0 |   0.0 |      19 |       0 |   0.0
        D:8 |     511 |    1480 |  74.3 |       9 |      19 |  67.9
        D:9 |    1992 |       0 |   0.0 |      17 |       0 |   0.0
       D:10 |    1643 |     679 |  29.2 |      20 |       9 |  31.0
       D:11 |    1820 |       0 |   0.0 |       7 |       0 |   0.0
       D:12 |     353 |       0 |   0.0 |       2 |       0 |   0.0
       D:13 |    1339 |       0 |   0.0 |       8 |       0 |   0.0
     Lair:1 |    2032 |       0 |   0.0 |       9 |       0 |   0.0
    Ossuary |       0 |     495 | 100.0 |       0 |      38 | 100.0
            +---------+---------+-------+---------+---------+-------
